 Dungeon Crawl Stone Soup version 0.30-a0-782-ge64f9170bb (webtiles) character file.

Game seed: 13721569092588972628

95919 Pooter the Severer (level 15, 0/202 HPs)
             Began as a Minotaur Berserker on Feb 17, 2023.
             Was a Priest of Trog.
             Slain by a merfolk
             ... wielding a +0 trident
              (4 damage)
             ... on level 1 of the Shoals on Feb 18, 2023.
             The game lasted 03:03:06 (32428 turns).

Pooter the Severer (Minotaur Berserker)            Turns: 32428, Time: 03:03:07

Health: 0/202      AC: 24    Str: 25    XL:     15   Next: 67%
Magic:  14/14      EV:  9    Int:  6    God:    Trog [***...]
Gold:   152        SH:  0    Dex: 12    Spells: 14/14 levels left

rFire   . . .      SeeInvis .    a - +3 battleaxe (heavy)
rCold   . . .      Faith    .    (shield currently unavailable)
rNeg    . . .      Spirit   .    G - +6 plate armour
rPois   .          Reflect  .    (helmet restricted)
rElec   .          Harm     .    B - +0 cloak
rCorr   .          Rampage  .    E - +0 pair of gloves
Will    ++++.                    l - +0 pair of boots Stlth
                                 y - amulet of regeneration
HPRegen 2.33/turn                c - ring of flight
MPRegen 0.14/turn                Q - ring of willpower

@: berserking, strong-willed, flying, regenerating, studying Armour, very quick
A: horns 2, retaliatory headbutt
a: Renounce Religion, Berserk, Trog's Hand


You were on level 1 of the Shoals.
You worshipped Trog.
Trog was most pleased with you.
You visited 4 branches of the dungeon, and saw 23 of its levels.

You collected 2176 gold pieces.
You spent 2024 gold pieces at shops.

Inventory:

Hand Weapons
 a - a +3 heavy battleaxe (weapon)
   (You took it off an orc knight on level 2 of the Orcish Mines)
 b - a +4 arbalest of draining
   (You took it off an orc warrior on level 9 of the Dungeon)
 o - a +1 heavy glaive
   (You found it on level 3 of the Lair of Beasts)
 p - a +7 executioner's axe of freezing
   (You acquired it on level 2 of the Orcish Mines)
Missiles
 v - 36 poisoned darts
 w - 18 boomerangs (quivered)
 P - 3 throwing nets {!f}
 S - 6 boomerangs of dispersal {!f}
 U - 24 javelins
 W - 2 curare-tipped darts
Armour
 l - a +0 pair of boots (worn)
   (You found it on level 3 of the Dungeon)
 B - a +0 cloak (worn)
   (You found it on level 5 of the Dungeon)
 E - a +0 pair of gloves (worn)
   (You found it on level 7 of the Dungeon)
 G - a +6 plate armour (worn)
   (You found it on level 1 of the Dungeon)
Jewellery
 c - a ring of flight (left hand)
   (You found it on level 1 of the Dungeon)
 n - an amulet of the acrobat
   (You found it on level 5 of the Dungeon)
 y - an amulet of regeneration (around neck)
   (You bought it in a shop on level 6 of the Dungeon)
 C - a ring of resist corrosion
   (You found it on level 7 of the Dungeon)
 I - the ring of Ravvig {rC+++ Will+ MP+9 Dex-4 SInv}
   (You acquired it on level 7 of the Dungeon)

   [ring of magical power]

   Dex:       It affects your dexterity (-4).
   rC:        It renders you almost immune to cold.
   MP:        It affects your magic capacity (+9).
   SInv:      It lets you see invisible.
   Will:      It increases your willpower.
 N - a ring of positive energy
   (You found it on level 12 of the Dungeon)
 Q - a ring of willpower (right hand)
   (You found it on level 1 of the Shoals)
 Y - a ring of ice
   (You found it on level 14 of the Dungeon)
Wands
 d - a wand of iceblast (3)
   (You found it on level 4 of the Lair of Beasts)
 f - a wand of flame (28)
   (You found it on level 8 of the Dungeon)
 u - a wand of paralysis (16)
   (You found it on level 3 of the Lair of Beasts)
 x - a wand of acid (6)
   (You found it on level 14 of the Dungeon)
 R - a wand of mindburst (10)
   (You found it on level 1 of the Lair of Beasts)
Scrolls
 h - 5 scrolls of poison {!r}
 i - 14 scrolls of identify {@r1}
 j - 5 scrolls of fog
 q - 9 scrolls of magic mapping
 r - 4 scrolls of immolation {!r}
 t - 17 scrolls of teleportation {@r4}
 A - a scroll of torment {!r}
 F - a scroll of blinking
 J - 5 scrolls of noise {!r}
 K - 4 scrolls of vulnerability {!r}
 L - 2 scrolls of fear
 T - a scroll of silence
 X - a scroll of brand weapon
Potions
 e - 9 potions of heal wounds {@q2}
 g - 3 potions of cancellation
 k - 3 potions of ambrosia
 m - 2 potions of attraction {!q}
 s - 9 potions of curing {@q1}
 z - 3 potions of haste {@q3}
 H - a potion of might
 M - 2 potions of mutation {!q}
 V - 5 potions of resistance
 Z - 6 potions of lignification {!q}
Miscellaneous
 D - a tin of tremorstones (2/2)
   (You found it on level 9 of the Dungeon)
 O - a phantom mirror
   (You found it on level 1 of the Lair of Beasts)


   Skills:
 + Level 13.0 Fighting
 * Level 16.6(19.0) Axes
 - Level 12.2(15.9) Maces & Flails
 - Level 10.4(14.7) Polearms
 - Level 15.7 Ranged Weapons
 + Level 4.2 Throwing
 + Level 10.1 Armour
 + Level 4.7 Dodging
 - Level 3.3 Stealth
 + Level 6.2 Evocations


You had 14 spell levels left.
You didn't know any spells.
Your spell library was empty.

Dungeon Overview and Level Annotations

Branches:
Dungeon (15/15)            Temple (0/1) D:4            Lair (5/5) D:9
 Shoals (1/4) Lair:3        Snake (0/4) Lair:2        Slime (0/5) Lair:4
    Orc (2/2) D:9             Elf (0/3) Orc:2        Vaults (0/5) D:14
 Depths (0/4) D:15

Altars:
Cheibriados
Dithmenos
Fedhas
Okawaru
Uskayaw
Vehumet
Xom
Yredelemnul
Jiyva

Shops:
D:2 ?   D:6 =   D:15 ![   Orc:2 =???(


Innate Abilities, Weirdness & Mutations

You have a pair of horns on your head.
You reflexively headbutt those who attack you in melee.


Message History

* * * LOW HITPOINT WARNING * * *
The merfolk closely misses you.
Your skin crawls.
You feel strong-willed.
You can no longer call in reinforcements.
The merfolk hits you but does no damage.
The merfolk javelineer throws a silver javelin.
The silver javelin pierces through you.
* * * LOW HITPOINT WARNING * * *
* * * LOW HITPOINT WARNING * * *
The merfolk javelineer throws a silver javelin.
The silver javelin pierces through you!!
* * * LOW HITPOINT WARNING * * *
* * * LOW HITPOINT WARNING * * *
a - a +3 heavy battleaxe (weapon)
You are too injured to fight recklessly!
The merfolk hits you but does no damage.
A manticore comes into view.
The merfolk hits you with a +0 trident.
* * * LOW HITPOINT WARNING * * *
You closely miss the merfolk. Your headbutt misses the merfolk.
The merfolk hits you but does no damage.
The merfolk javelineer hits you from afar with a +6 spear!
* * * LOW HITPOINT WARNING * * *
The merfolk barely misses you.
The merfolk javelineer throws a silver javelin.
The silver javelin pierces through you!
* * * LOW HITPOINT WARNING * * *
* * * LOW HITPOINT WARNING * * *
A red film seems to cover your vision as you go berserk!
You feel yourself moving faster!
You feel mighty! The merfolk completely misses you. You furiously retaliate!
You headbutt the merfolk!
The merfolk javelineer throws a silver javelin.
The silver javelin pierces through you!
* * * LOW HITPOINT WARNING * * *
* * * LOW HITPOINT WARNING * * *
You slice the merfolk javelineer!! You headbutt the merfolk javelineer!!
You hit the merfolk. The merfolk hits you with a +0 trident!
* * * LOW HITPOINT WARNING * * *
The manticore flicks its tail.
The volley of spikes hits you but does no damage.
You closely miss the merfolk javelineer.
You slash the merfolk!
The merfolk javelineer throws a silver javelin.
The silver javelin pierces through you.
* * * LOW HITPOINT WARNING * * *
* * * LOW HITPOINT WARNING * * *
The merfolk hits you with a +0 trident.
You die...

......~......###...
........#.~~~~.....~~~≈≈≈
..##........~~..~..~~~≈≈≈
.P.###.~~..~~~.~~~~~~~≈≈≈
...###....~~~....~~~~~~~P
~.P~.P..#.~~~..~~.~~~~P~~
....P.........~~..H~~~~~~
~P.......##..~~...~~~~~≈≈
P~.~P....#......@m.~~~~~~
P~..P..P....##..m#..~~~~~
.P~~.P...P.###(.###.~~..~
....PP~~..## #..###.~~...
P.).#..P..####.....~~~~..
....PP~~...##.....~~~~~~~
......~~~...........~~~~~
..<...~~~~...........~~~~
......~~~~.##...~....~~


You could see a merfolk javelineer, a merfolk (drained) and a manticore.

Vanquished Creatures
  The ghost of pigah the Stormcaller, a journeyman OpWn of Gozag (Orc:2)
  A dire elephant (D:15)
  A fire dragon (Lair:5)
  A merfolk javelineer (Orc:2)
  The ghost of Ischil Seap the Cleaver, a journeyman DsFi of Qazlal (Lair:1)
  2 vault guards (D:14)
  8 hydras
  A catoblepas (D:13)
  An alligator snapping turtle (Shoals:1)
  3 boulder beetles
  2 two-headed ogres
  5 centaur warriors
  A tengu warrior (D:13)
  11 death yaks
  3 orc high priests (Orc:2)
  A deep elf knight (Orc:2)
  A fire crab (Lair:5)
  Nergalle (D:12)
  A death drake (shapeshifter) (D:15)
  3 skysharks
  An orb spider (shapeshifter) (D:15)
  2 necromancers (D:14)
  A wizard (D:14)
  3 harpies (Lair:3)
  7 orc knights (Orc:2)
  21 ugly things
  2 deep elf pyromancers
  3 cyclopes
  6 orc sorcerers
  A salamander (D:15)
  6 manticores
  A merfolk siren (Shoals:1)
  3 slime creatures (D:11)
  6 black mambas
  A guardian serpent (shapeshifter) (D:13)
  8 elephants
  2 molten gargoyles (Lair:5)
  8 cane toads
  3 gargoyles
  An ice statue (Lair:3)
  3 rime drakes (Lair:4)
  4 kobold demonologists
  10 komodo dragons
  2 efreet (D:15)
  A tengu conjurer (D:13)
  An ice devil (Lair:3)
  3 trolls
  3 polar bears
  Prince Ribbit (D:8)
  A hornet (D:9)
  4 blink frogs
  6 dream sheep (Lair:4)
  A snapping turtle (Shoals:1)
  41 yaks
  A water elemental (Shoals:1)
  2 shadows
  3 wyverns
  3 wraiths
  A centaur simulacrum (D:14)
  Grum (D:8)
  20 humans (D:14)
  9 basilisks
  A steam dragon (Lair:5)
  2 wargs
  Edmund (D:4)
  3 nagas (Lair:2)
  2 acid dragons
  12 water moccasins
  4 hell hounds (Lair:5)
  8 ice beasts
  30 orc warriors
  2 sky beasts
  4 black bears
  18 wolves
  2 ogres
  10 centaurs
  A phantom (D:7)
  13 bullfrogs
  2 gnoll sergeants
  5 kobold brigands
  A necrophage (D:5)
  4 scorpions
  7 wights (D:8)
  2 cane toad simulacra (Lair:3)
  27 killer bees
  6 electric eels
  3 howler monkeys
  5 lava snakes (Lair:5)
  A jelly (D:6)
  2 hounds
  24 orc priests
  A gnoll bouda (D:6)
  31 orc wizards
  9 hell rats (Lair:4)
  5 iguanas
  A statue (D:7)
  A wolf simulacrum (Lair:3)
  17 gnolls
  8 adders
  A shadow imp (D:6)
  6 white imps
  3 ufetubi
  2 worms
  2 dart slugs
  84 orcs
  6 bats
  5 endoplasms
  6 goblins
  4 hobgoblins
  14 kobolds
  4 quokkas
  2 ball pythons (D:3)
  3 frilled lizards
  5 rats
678 creatures vanquished.

Vanquished Creatures (others)
  A naga warrior (Orc:2)
  A bush (Lair:2)
  81 fungi
  76 plants
159 creatures vanquished.

Grand Total: 837 creatures vanquished

Notes
Turn   | Place    | Note
-------+----------+-------------------------------------------
     0 | D:1      | Pooter the Minotaur Berserker began the quest for the Orb.
     0 | D:1      | Reached XP level 1. HP: 19/19 MP: 0/0
   105 | D:1      | Reached skill level 4 in Axes
   163 | D:1      | Reached XP level 2. HP: 26/26 MP: 1/1
   830 | D:2      | Found Wynynac's Magic Scroll Shop.
   869 | D:2      | Bought a scroll of identify for 28 gold pieces
   869 | D:2      | Bought a scroll of identify for 28 gold pieces
   879 | D:2      | Reached skill level 5 in Axes
   891 | D:2      | Reached ** piety under Trog
   951 | D:2      | Reached XP level 3. HP: 31/31 MP: 2/2
  1218 | D:3      | You are sucked into a shaft and drop 3 floors!
  1258 | D:5      | Entered Level 5 of the Dungeon
  1293 | D:5      | Noticed a scorpion
  1300 | D:5      | Killed a scorpion
  1301 | D:5      | Reached skill level 6 in Axes
  1301 | D:5      | Reached XP level 4. HP: 39/39 MP: 3/3
  1392 | D:4      | Noticed an ogre
  1475 | D:5      | Noticed an ice beast
  1493 | D:5      | Killed an ice beast
  1494 | D:5      | Reached skill level 7 in Axes
  1494 | D:5      | Reached XP level 5. HP: 45/45 MP: 4/4
  1710 | D:4      | Reached skill level 8 in Axes
  1719 | D:4      | Reached XP level 6. HP: 51/51 MP: 5/5
  2447 | D:3      | Reached skill level 9 in Axes
  2458 | D:3      | Reached skill level 1 in Ranged Weapons
  2629 | D:3      | Found a basalt altar of Yredelemnul.
  2634 | D:3      | Found a shadowy altar of Dithmenos.
  2932 | D:4      | Found a staircase to the Ecumenical Temple.
  2942 | D:4      | Noticed Edmund
  2964 | D:4      | Killed Edmund
  2965 | D:4      | Reached XP level 7. HP: 49/59 MP: 6/6
  3079 | D:4      | Reached skill level 1 in Maces & Flails
  3786 | D:5      | Reached XP level 8. HP: 67/67 MP: 7/7
  3911 | D:5      | Reached skill level 5 in Fighting
  4327 | D:6      | Found a snail-covered altar of Cheibriados.
  4406 | D:6      | Reached skill level 5 in Ranged Weapons
  4536 | D:6      | Reached skill level 5 in Maces & Flails
  4676 | D:6      | Found Irog's Jewellery Emporium.
  5147 | D:7      | Identified a scroll of acquirement
  5148 | D:7      | Acquired the ring of Ravvig {rC+++ Will+ MP+9 Dex-4 SInv}
  5268 | D:7      | Found a radiant altar of Vehumet.
  5389 | D:7      | Reached XP level 9. HP: 73/75 MP: 8/8
  6304 | D:8      | Reached *** piety under Trog
  6337 | D:8      | Found a hide-covered altar of Uskayaw.
  6360 | D:8      | Noticed Grum
  6775 | D:2      | Bought a scroll of immolation for 56 gold pieces
  6775 | D:2      | Bought a scroll of identify for 28 gold pieces
  6775 | D:2      | Bought a scroll of enchant armour for 105 gold pieces
  6775 | D:2      | Bought a scroll of fear for 56 gold pieces
  7085 | D:8      | Killed Grum
  7179 | D:8      | Reached XP level 10. HP: 88/88 MP: 9/9
  7297 | D:8      | Noticed Prince Ribbit
  7309 | D:8      | Killed Prince Ribbit
 10102 | D:9      | Reached skill level 10 in Maces & Flails
 10221 | D:9      | Found a staircase to the Orcish Mines.
 10235 | D:9      | Reached skill level 10 in Ranged Weapons
 10253 | Orc:1    | Entered Level 1 of the Orcish Mines
 10425 | Orc:1    | Noticed an orc sorcerer
 10525 | Orc:1    | Killed an orc sorcerer
 11135 | D:6      | Bought an amulet of regeneration for 420 gold pieces
 11279 | Orc:2    | Entered Level 2 of the Orcish Mines
 11279 | Orc:2    | Found a staircase to the Elven Halls.
 11367 | Orc:2    | Reached XP level 11. HP: 95/97 MP: 10/10
 11541 | Orc:2    | Found Bitonnij's Weapon Boutique.
 11621 | Orc:2    | Noticed an orc sorcerer
 11626 | Orc:2    | Noticed a soul eater
 11628 | Orc:2    | Killed an orc sorcerer
 11629 | Orc:2    | Reached skill level 1 in Stealth
 12040 | Orc:2    | Found an iron altar of Okawaru.
 12152 | Orc:2    | Found a runed translucent gate.
 12152 | Orc:2    | Found a runed translucent gate.
 12153 | Orc:2    | Found a runed translucent gate.
 12153 | Orc:2    | Noticed an orc knight
 12153 | Orc:2    | Noticed a deep elf knight
 12153 | Orc:2    | Noticed a centaur warrior
 12154 | Orc:2    | Noticed pigah's ghost (journeyman OpWn)
 12154 | Orc:2    | Noticed an orc knight
 12154 | Orc:2    | Noticed an orc knight
 12154 | Orc:2    | Noticed a merfolk javelineer
 12155 | Orc:2    | Noticed a naga warrior
 12260 | Orc:2    | Noticed an orc sorcerer
 12260 | Orc:2    | Noticed an orc sorcerer
 12263 | Orc:2    | Noticed an orc high priest
 12388 | Orc:2    | Noticed an orc knight
 12425 | Orc:2    | Killed an orc knight
 12472 | Orc:2    | Noticed an orc knight
 12485 | Orc:2    | Killed an orc knight
 12486 | Orc:2    | Reached skill level 10 in Axes
 12559 | Orc:2    | Noticed an orc knight
 12563 | Orc:2    | Killed an orc sorcerer
 12591 | Orc:2    | Killed an orc knight
 12721 | Orc:2    | Killed an orc high priest
 13022 | Orc:2    | Noticed an orc knight
 13045 | Orc:2    | Killed an orc knight
 13208 | Orc:2    | Killed an orc sorcerer
 13248 | Orc:2    | Noticed an orc high priest
 13265 | Orc:2    | Killed an orc high priest
 13266 | Orc:2    | Reached skill level 5 in Armour
 13762 | Orc:2    | Noticed an orc sorcerer
 13773 | Orc:2    | Killed an orc sorcerer
 13774 | Orc:2    | Reached skill level 10 in Fighting
 13817 | Orc:2    | Noticed an orc high priest
 13831 | Orc:2    | Killed an orc high priest
 13904 | Orc:2    | Noticed an orc sorcerer
 13916 | Orc:2    | Killed an orc sorcerer
 14690 | Orc:2    | Found Urakof's Magic Scroll Shop.
 14695 | Orc:2    | Found Ifainobu's Jewellery Shoppe.
 14699 | Orc:2    | Bought a scroll of identify for 28 gold pieces
 14703 | Orc:2    | Found Ceuxyrih's Magic Scroll Shoppe.
 14705 | Orc:2    | Found Loevaafe's Magic Scroll Shop.
 14711 | Orc:2    | Bought a scroll of identify for 24 gold pieces
 14711 | Orc:2    | Bought a scroll of identify for 24 gold pieces
 14711 | Orc:2    | Bought a scroll of identify for 24 gold pieces
 14711 | Orc:2    | Bought a scroll of enchant weapon for 90 gold pieces
 14711 | Orc:2    | Bought a scroll of identify for 24 gold pieces
 14716 | Orc:2    | Bought a scroll of fog for 52 gold pieces
 14767 | Orc:2    | Found an iron altar of Okawaru.
 15001 | D:9      | Found a staircase to the Lair.
 15068 | D:9      | Reached XP level 12. HP: 100/106 MP: 11/11
 15336 | D:10     | Entered Level 10 of the Dungeon
 15338 | D:10     | Noticed a two-headed ogre
 15345 | D:10     | Killed a two-headed ogre
 15563 | D:10     | Reached skill level 1 in Throwing
 15582 | D:10     | Reached skill level 1 in Evocations
 15837 | D:10     | Found a shimmering altar of Xom.
 16097 | Lair:1   | Entered Level 1 of the Lair of Beasts
 16171 | Lair:1   | Found a runed translucent door.
 16171 | Lair:1   | Noticed Ischil Seap's ghost (journeyman DsFi)
 16188 | Lair:1   | Noticed a boulder beetle
 16196 | Lair:1   | Killed Ischil Seap's ghost
 16250 | Lair:1   | Killed a boulder beetle
 16324 | Lair:1   | Reached skill level 11 in Axes
 17362 | Lair:2   | Found a staircase to the Snake Pit.
 17846 | D:2      | Bought a scroll of silence for 133 gold pieces
 18066 | Lair:3   | Noticed an eight-headed hydra
 18078 | Lair:3   | Killed an eight-headed hydra
 18177 | Lair:3   | Noticed a six-headed hydra
 18187 | Lair:3   | Killed a six-headed hydra
 18188 | Lair:3   | Reached XP level 13. HP: 65/116 MP: 12/12
 18541 | Lair:3   | Reached **** piety under Trog
 18612 | Lair:3   | Found a staircase to the Shoals.
 18748 | Lair:3   | Upgraded the game from 0.30-a0-779-g7971cf19c3 to
                  | 0.30-a0-782-ge64f9170bb
 20423 | Lair:3   | Reached skill level 1 in Polearms
 20632 | Lair:4   | Reached skill level 12 in Axes
 21225 | Lair:4   | Found a viscous altar of Jiyva.
 21225 | Lair:4   | Found a staircase to the Slime Pits.
 21302 | Lair:4   | Reached skill level 5 in Polearms
 21438 | Lair:4   | Reached skill level 13 in Axes
 21810 | Lair:5   | Entered Level 5 of the Lair of Beasts
 22680 | Lair:5   | Reached XP level 14. HP: 49/124 MP: 13/13
 22917 | Lair:5   | Reached skill level 15 in Ranged Weapons
 23198 | Lair:5   | Found a large runed translucent door.
 23198 | Lair:5   | Found a large runed translucent door.
 26236 | Lair:5   | Reached skill level 14 in Axes
 27829 | Orc:2    | Bought a scroll of acquirement for 728 gold pieces
 27829 | Orc:2    | Acquired a +6 executioner's axe of freezing
 28582 | D:12     | Noticed Nergalle
 28592 | D:12     | Killed Nergalle
 29346 | D:13     | Reached skill level 15 in Axes
 30087 | D:14     | Reached XP level 15. HP: 85/132 MP: 14/14
 30232 | D:14     | Reached skill level 5 in Evocations
 30522 | D:14     | Acquired a manual of Armour
 30575 | D:14     | Found a gate to the Vaults.
 30761 | D:15     | Entered Level 15 of the Dungeon
 30908 | D:15     | Found a staircase to the Depths.
 30921 | D:15     | Reached skill level 16 in Axes
 30997 | D:15     | Found Reuk's Distillery.
 31014 | D:15     | Bought a potion of cancellation for 88 gold pieces
 31014 | D:15     | Bought a potion of curing for 33 gold pieces
 31014 | D:15     | Bought a potion of heal wounds for 55 gold pieces
 31224 | D:15     | Reached skill level 10 in Polearms
 31322 | D:15     | Found Roczog's Antique Armour Shop.
 31562 | D:15     | Found a blossoming altar of Fedhas.
 31955 | Orc:2    | Killed pigah's ghost
 32025 | Orc:2    | Identified the +5 scimitar of the Orcish Mines {pain, rN++
                  | Dex-2}
 32209 | Shoals:1 | Entered Level 1 of the Shoals
 32247 | Shoals:1 | Reached skill level 10 in Armour
 32427 | Shoals:1 | HP: 4/202 [merfolk/+0 trident (12)]
 32428 | Shoals:1 | Slain by a merfolk

Illustrated notes

Levels and vault maps discovered:
D:1:      ncdulo_wetmaze, layout_loops_ring
D:2:      layout_rooms, serial_shops, shop_scrolls, minmay_tromino_v2
D:3:      layout_basic, mainiacjoe_overflow_big_doors
D:4:      layout_basic, temple_green, minmay_misc_feat_five, uniq_edmund
D:5:      layout_basic, corexii_checkpoint_a, serial_bayou_lagoon_a
D:6:      layout_loops_ring, cheibriados_altar_1, serial_shops, shop_statue
D:7:      layout_cave_pods, vehumet_statue, kennysheep_generic_room_8
D:8:      layout_basic, mainiacjoe_overflow_brackets,
          kennysheep_opposing_triangles, uniq_prince_ribbit1, uniq_grum
D:9:      layout_basic, due_lair_maze_entry_diamond, erik_orc_2
D:10:     layout_cave_pools, xom_teletrap_fun
D:11:     layout_loops_ring, minmay_misc_feat_iff
D:12:     layout_basic, uniq_nergalle
D:13:     layout_basic
D:14:     layout_irregular_city, grunt_vaults_entry_tiered,
          chequers_serial_rivers_micro_c
D:15:     hangedman_depths_entry_try_elsewhere_first, layout_irregular_city,
          fedhas_altar_2, serial_shops, nicolae_shop_trees,
          nicolae_shop_window_shopping
Lair:1:   layout_chaotic_city, hellmonk_ghost_happy_afterlife
Lair:2:   layout_loops_ring, minmay_snake_entry_guardpost_small
Lair:3:   layout_long_grid, nicolae_shoals_entry_roost,
          portal_ice_cave_entry_ice_simulacra, st_stairs_11, minivault_24,
          nicolae_lair_grove_arrangements, ice2_lemuel
Lair:4:   layout_gridlike, slime_entry_1
Lair:5:   cheibrodos_lair_end_hotspot, layout_cave_pods, lemuel_old_faithful,
          infiniplex_staircase_pool
Shoals:1: layout_shoals, nicolae_shop_gadgets
Orc:1:    layout_caves
Orc:2:    st_orc_elflike, layout_diamond_mine, serial_shops, shop,
          gammafunk_ghost_fury_of_okawaru, okawaru_metal_pillars_1_2

Skill      XL: |  1  2  3  4  5  6  7  8  9 10 11 12 13 14 15 |
---------------+----------------------------------------------+-----
Axes           | 4 5 6 7 8 9 10 11 13 15 16 | 16.6
Ranged Weapons | 2 4 6 8 10 12 13 14 15 | 15.7
Fighting       | 4 6 7 9 10 11 12 13 | 13.0
Maces & Flails | 3 6 8 11 12 | 12.2
Armour         | 5 7 10 | 10.1
Stealth        | 3 |  3.3
Dodging        | 4 |  4.7
Throwing       | 3 4 |  4.2
Evocations     | 2 3 4 6 |  6.2
Polearms       | 5 9 10 | 10.4

Action                     |  1- 3 |  4- 6 |  7- 9 | 10-12 | 13-15 || total
---------------------------+-------+-------+-------+-------+-------++-------
  Melee: Hand axe          |    78 |    80 |     9 |       |       ||   167
         Headbutt          |    16 |    21 |    25 |    95 |   135 ||   292
         Flail             |       |    36 |   193 |   101 |   263 ||   593
         Punch             |       |     1 |     3 |     1 |       ||     5
         Dire flail        |       |       |       |   459 |   139 ||   598
         War axe           |       |       |       |    23 |       ||    23
         Glaive            |       |       |       |       |    27 ||    27
         Executioner's axe |       |       |       |       |   187 ||   187
         Battleaxe         |       |       |       |       |    12 ||    12
   Fire: Sling             |       |    21 |    17 |       |       ||    38
         Shortbow          |       |       |    76 |   229 |       ||   305
         Arbalest          |       |       |       |   103 |   430 ||   533
  Throw: Boomerang         |       |       |    10 |    10 |    12 ||    32
         Dart              |       |       |       |     1 |    11 ||    12
 Invoke: Berserk           |     1 |     6 |     8 |    22 |    12 ||    49
         Trog's Hand       |       |     6 |    11 |    30 |    27 ||    74
         Brothers in Arms  |       |       |       |       |     1 ||     1
  Evoke: Wand              |       |       |     9 |    15 |    11 ||    35
         Tin of tremorston |       |       |       |       |     2 ||     2
    Use: Scroll            |    11 |     1 |    15 |     8 |    13 ||    48
         Potion            |       |       |       |     1 |     4 ||     5
   Stab: Sleeping          |     1 |       |       |       |       ||     1
         Invisible         |       |       |       |       |     4 ||     4
 Armour: Animal skin       |     2 |       |       |       |       ||     2
         Plate armour      |    50 |    60 |   185 |   434 |   588 ||  1317
  Dodge: Dodged            |    32 |    35 |   123 |   234 |   315 ||   739

Table legend: (Time is in decaauts)
 A = Elapsed time spent in this place.
 B = Non-inter-level travel time spent in this place.
 C = Inter-level travel time spent in this place.
 D = Time resting spent in this place.
 E = Time spent auto-exploring this place.
 F = Levels seen in this place.
 G = Mean time per level.
                   A        B        C        D        E       F      G
               +--------+--------+--------+--------+--------+-----+--------+
         Total |  33117 |  30787 |   2330 |  12253 |  12053 |  23 | 1439.9 |
       Dungeon |  17873 |  16455 |   1418 |   4758 |   8400 |  15 | 1191.5 |
          Lair |  10464 |   9888 |    576 |   5080 |   2996 |   5 | 2092.8 |
        Shoals |    227 |    227 |      0 |      0 |    140 |   1 |  227.0 |
  Orcish Mines |   4551 |   4217 |    334 |   2415 |    517 |   2 | 2275.5 |
               +--------+--------+--------+--------+--------+-----+--------+

Top non-repeatable levels by time:
  Lair:5: 4834 daAuts
     D:9: 3996 daAuts
   Orc:2: 3736 daAuts
  Lair:3: 2780 daAuts
     D:5: 1411 daAuts
     D:8: 1352 daAuts
     D:7: 1303 daAuts
  Lair:4: 1116 daAuts
    D:14: 1070 daAuts
     D:3: 1065 daAuts
    D:12: 1045 daAuts
    D:15: 1027 daAuts
     D:6: 1005 daAuts
     D:4: 897 daAuts
    D:13: 887 daAuts
